TOP OF THE 1ST |
---|
Long Beach KO batting - Pitching for Alabama Shakes : RHP Xavier Feliciano | Pitching: RHP Xavier Feliciano | | Batting: RHB Ben Simpson | 0-0: Bunt for hit - play at first, batter safe! | Batting: RHB Brandon Sharp | 0-0: Ball 1-0: SINGLE (Flyball, 89M) Ben Simpson to second Runner from 2nd tries for 3rd, SAFE, no throw | Batting: LHB Marvin Jones | 0-0: Ball 1-0: Swinging Strike 1-1: Swinging Strike 1-2: Foul Ball, location: 2F 1-2: Foul Ball, location: 2F 1-2: Ball 2-2: Foul Ball, location: 2F 2-2: Strikes out swinging | Batting: RHB Ralph Petit | 0-0: Ball Brandon Sharp is caught stealing 2nd base 1-0: SINGLE (Line Drive, 8RS) Ben Simpson scores | Batting: LHB Adrian Neal | 0-0: Called Strike Ralph Petit steals 2nd base 0-1: Foul Ball, location: 2F 0-2: Foul Ball, location: 2F 0-2: Foul Ball, location: 2F 0-2: Ball 1-2: Fly out, F7 (Flyball, 7) | Top of the 1st over - 1 run, 3 hits, 0 errors, 1 left on base; Long Beach 1 - Alabama 0 | BOTTOM OF THE 1ST |
---|
Alabama Shakes batting - Pitching for Long Beach KO : RHP José Rivera | Pitching: RHP José Rivera | | Batting: RHB Ed Gaston | 0-0: Ball 1-0: Ball 2-0: Foul Ball, location: 2F 2-1: Foul Ball, location: 2F 2-2: Foul Ball, location: 2F 2-2: SOLO HOME RUN (Flyball, 9LD), Distance : 352 ft | Batting: RHB Zhong-xian Pai | 0-0: Called Strike 0-1: Swinging Strike 0-2: Strikes out swinging | Batting: RHB Greg Nichols | 0-0: Fly out, F7 (Line Drive, 78D) | Batting: RHB Joe Farrell | 0-0: Ball 1-0: Ball 2-0: Fly out, F9 (Flyball, 9S) | Bottom of the 1st over - 1 run, 1 hit, 0 errors, 0 left on base; Long Beach 1 - Alabama 1 | TOP OF THE 2ND |
---|
Long Beach KO batting - Pitching for Alabama Shakes : RHP Xavier Feliciano | Batting: RHB Rodrigo Flores | 0-0: Ball 1-0: Ball 2-0: SINGLE (Line Drive, 4MD) | Batting: LHB Wes Britton | 0-0: SINGLE (Groundball, 4MD) Rodrigo Flores to second | Batting: RHB Ricardo Tirado | 0-0: Foul Ball, location: 2F 0-1: SINGLE (Groundball, 56D) Rodrigo Flores to third Wes Britton to second Runner from 3rd tries for Home, SAFE, throw made home | Batting: RHB Phil Stephens | 0-0: Ball 1-0: Called Strike 1-1: Ball 2-1: Called Strike 2-2: Strikes out swinging | Batting: RHB Ben Simpson | 0-0: Ball 1-0: Swinging Strike 1-1: Foul Ball, location: 2F 1-2: Strikes out swinging | Batting: RHB Brandon Sharp | 0-0: 3-RUN HOME RUN (Flyball, 7LD), Distance : 341 ft | Batting: LHB Marvin Jones | 0-0: Ball 1-0: Ball 2-0: Ball 3-0: Base on Balls | Batting: RHB Ralph Petit | 0-0: Ball 1-0: Foul Ball, location: 2F 1-1: Foul Ball, location: 2F 1-2: Ball 2-2: SINGLE (Line Drive, 56D) Marvin Jones to second | Batting: LHB Adrian Neal | 0-0: Ball 1-0: SINGLE (Flyball, 89M) Marvin Jones to third Ralph Petit to second Runner from 3rd tries for Home, SAFE, no throw | Batting: RHB Rodrigo Flores | 0-0: Called Strike 0-1: Foul Ball, location: 2F 0-2: Ball 1-2: Ball 2-2: Strikes out swinging | Top of the 2nd over - 5 runs, 6 hits, 0 errors, 2 left on base; Long Beach 6 - Alabama 1 | BOTTOM OF THE 2ND |
---|
Alabama Shakes batting - Pitching for Long Beach KO : RHP José Rivera | Batting: LHB Jonathan Martin | 0-0: Foul Ball, location: 2F 0-1: Ball 1-1: Fly out, F7 (Flyball, 7LS) | Batting: RHB Bruce Foley | 0-0: Foul Ball, location: 2F 0-1: Foul Ball, location: 2F 0-2: Strikes out swinging | Batting: RHB Mario Rodríguez | 0-0: Ground out 1-3 (Groundball, 15S) | Bottom of the 2nd over - 0 runs, 0 hits, 0 errors, 0 left on base; Long Beach 6 - Alabama 1 | TOP OF THE 3RD |
---|
Long Beach KO batting - Pitching for Alabama Shakes : RHP Xavier Feliciano | Batting: LHB Wes Britton | 0-0: Ball 1-0: Ball 2-0: Ground out 4-3 (Groundball, 4) | Batting: RHB Ricardo Tirado | 0-0: Ball 1-0: Ball 2-0: Swinging Strike 2-1: Called Strike 2-2: Ground out 6-3 (Groundball, 6) | Batting: RHB Phil Stephens | 0-0: Ball 1-0: Called Strike 1-1: Called Strike 1-2: Strikes out looking | Top of the 3rd over - 0 runs, 0 hits, 0 errors, 0 left on base; Long Beach 6 - Alabama 1 | BOTTOM OF THE 3RD |
---|
Alabama Shakes batting - Pitching for Long Beach KO : RHP José Rivera | Batting: RHB Will Hinkle | 0-0: Ball 1-0: Ball 2-0: Ball 3-0: Base on Balls | Batting: RHB Bryant Newell | 0-0: Called Strike 0-1: Swinging Strike 0-2: Ball 1-2: Strikes out swinging | Batting: RHB Ed Gaston | 0-0: Ball 1-0: Ball 2-0: Fly out, F7 (Flyball, 78D) | Batting: RHB Zhong-xian Pai | 0-0: Ball 1-0: Called Strike 1-1: Fielders Choice at 2nd, 6-4 (Groundball, 6) | Bottom of the 3rd over - 0 runs, 0 hits, 0 errors, 1 left on base; Long Beach 6 - Alabama 1 | TOP OF THE 4TH |
---|
Long Beach KO batting - Pitching for Alabama Shakes : RHP Xavier Feliciano | Batting: RHB Ben Simpson | 0-0: Ball 1-0: Ball 2-0: Ball 3-0: Called Strike 3-1: Called Strike 3-2: Base on Balls | Batting: RHB Brandon Sharp | 0-0: Ball 1-0: Grounds into double play, 6-4-3 (Groundball, 6) | Batting: LHB Marvin Jones | 0-0: Ball 1-0: Foul Ball, location: 2F 1-1: Ground out 6-3 (Groundball, 6S) | Top of the 4th over - 0 runs, 0 hits, 0 errors, 0 left on base; Long Beach 6 - Alabama 1 | BOTTOM OF THE 4TH |
---|
Alabama Shakes batting - Pitching for Long Beach KO : RHP José Rivera | Batting: RHB Greg Nichols | 0-0: Foul Ball, location: 2F 0-1: Ball 1-1: Foul Ball, location: 2F 1-2: Strikes out swinging | Batting: RHB Joe Farrell | 0-0: Ball 1-0: Ball 2-0: SINGLE (Flyball, 8LS) | Batting: LHB Jonathan Martin | 0-0: Called Strike 0-1: Ball 1-1: Ball 2-1: SINGLE (Line Drive, 56D) Joe Farrell to second | Batting: RHB Bruce Foley | 0-0: SINGLE (Groundball, 56D) Joe Farrell to third Jonathan Martin to second | Batting: RHB Mario Rodríguez | 0-0: Called Strike 0-1: Called Strike 0-2: Foul Ball, location: 2F 0-2: Fielders Choice at 2nd, 6-4 (Groundball, 6M) Joe Farrell scores Jonathan Martin to third | Batting: RHB Will Hinkle | 0-0: Ball 1-0: Ball 2-0: Ball 3-0: Called Strike 3-1: SINGLE (Line Drive, 34D) Jonathan Martin scores Mario Rodríguez to second | Batting: RHB Bryant Newell | 0-0: Ball 1-0: Ball 2-0: Fly out, F4 (Popup, 34) | Bottom of the 4th over - 2 runs, 4 hits, 0 errors, 2 left on base; Long Beach 6 - Alabama 3 | TOP OF THE 5TH |
---|
Long Beach KO batting - Pitching for Alabama Shakes : RHP Xavier Feliciano | Batting: RHB Ralph Petit | 0-0: Ball 1-0: Swinging Strike 1-1: Ball 2-1: Ball 3-1: Fly out, F8 (Flyball, 8RD) | Batting: LHB Adrian Neal | 0-0: Ball 1-0: Ball 2-0: Called Strike 2-1: Ball 3-1: Base on Balls | Batting: RHB Rodrigo Flores | 0-0: Called Strike 0-1: Ground out 4-3 (Groundball, 4S) Adrian Neal to second | Batting: LHB Wes Britton | 0-0: Foul Ball, location: 2F 0-1: SINGLE (Groundball, 6D) Adrian Neal to third Runner from 3rd tries for Home, SAFE, throw made home | Batting: RHB Ricardo Tirado | 0-0: Swinging Strike 0-1: Foul Ball, location: 2F 0-2: Foul Ball, location: 2F 0-2: Ball Wes Britton steals 2nd base 1-2: Foul Ball, location: 2F 1-2: Ground out 6-3 (Groundball, 6) | Top of the 5th over - 1 run, 1 hit, 0 errors, 1 left on base; Long Beach 7 - Alabama 3 | BOTTOM OF THE 5TH |
---|
Alabama Shakes batting - Pitching for Long Beach KO : RHP José Rivera | Batting: RHB Ed Gaston | 0-0: Foul Ball, location: 2F 0-1: Ball 1-1: Called Strike 1-2: Ball 2-2: Foul Ball, location: 2F 2-2: Ball 3-2: Foul Ball, location: 2F 3-2: Base on Balls | Batting: RHB Zhong-xian Pai | 0-0: Ball 1-0: Fly out, F6 (Line Drive, 6) | Batting: RHB Greg Nichols | 0-0: Foul Ball, location: 2F 0-1: Ball Ed Gaston steals 2nd base 1-1: Swinging Strike 1-2: Strikes out swinging | Batting: RHB Joe Farrell | 0-0: Ball 1-0: Ball 2-0: Ball 3-0: Base on Balls | Batting: LHB Jonathan Martin | 0-0: Called Strike 0-1: SINGLE (Groundball, 34S) (infield hit) Ed Gaston to third Joe Farrell to second | Batting: RHB Bruce Foley | 0-0: Called Strike 0-1: Called Strike 0-2: Foul Ball, location: 2F 0-2: Ball 1-2: SINGLE (Line Drive, 78S) Ed Gaston scores Joe Farrell to third Jonathan Martin to second Runner from 3rd tries for Home, SAFE, no throw | Batting: RHB Mario Rodríguez | 0-0: Fielders Choice at 2nd, 6-4 (Groundball, 6) | Bottom of the 5th over - 2 runs, 2 hits, 0 errors, 2 left on base; Long Beach 7 - Alabama 5 | TOP OF THE 6TH |
---|
Long Beach KO batting - Pitching for Alabama Shakes : RHP Xavier Feliciano | Pitching: RHP Nick Raines | | Batting: RHB Phil Stephens | 0-0: Foul Ball, location: 2F 0-1: Foul Ball, location: 2F 0-2: Fly out, F5 (Popup, 5SF) | Batting: RHB Ben Simpson | 0-0: Ball 1-0: Ball 2-0: Ball 3-0: Base on Balls | Batting: RHB Brandon Sharp | 0-0: Ball Ben Simpson steals 2nd base 1-0: Foul Ball, location: 2F 1-1: Foul Ball, location: 2F 1-2: Ball 2-2: Reached on error, E3 (Groundball, 34) Ben Simpson to third | Batting: LHB Marvin Jones | 0-0: Ball 1-0: Called Strike Brandon Sharp is caught stealing 2nd base 1-1: Fly out, F8 (Flyball, 8RM) | Top of the 6th over - 0 runs, 0 hits, 1 error, 1 left on base; Long Beach 7 - Alabama 5 | BOTTOM OF THE 6TH |
---|
Alabama Shakes batting - Pitching for Long Beach KO : RHP José Rivera | Batting: RHB Will Hinkle | 0-0: Called Strike 0-1: Fly out, F8 (Flyball, 8LM) | Batting: RHB Bryant Newell | 0-0: Ball 1-0: Called Strike 1-1: Ball 2-1: Called Strike 2-2: Ball 3-2: Strikes out swinging | Batting: RHB Ed Gaston | 0-0: Swinging Strike 0-1: Swinging Strike 0-2: Strikes out looking | Bottom of the 6th over - 0 runs, 0 hits, 0 errors, 0 left on base; Long Beach 7 - Alabama 5 | TOP OF THE 7TH |
---|
Long Beach KO batting - Pitching for Alabama Shakes : RHP Nick Raines | Batting: RHB Ralph Petit | 0-0: Ball 1-0: Ball 2-0: Ground out 4-3 (Groundball, 4) | Batting: LHB Adrian Neal | 0-0: Ball 1-0: Ground out 1-3 (Groundball, P) | Batting: RHB Rodrigo Flores | 0-0: Foul Ball, location: 2F 0-1: Ball 1-1: Ball 2-1: Called Strike 2-2: Ball 3-2: Foul Ball, location: 2F 3-2: Strikes out looking | Top of the 7th over - 0 runs, 0 hits, 0 errors, 0 left on base; Long Beach 7 - Alabama 5 | BOTTOM OF THE 7TH |
---|
Alabama Shakes batting - Pitching for Long Beach KO : RHP José Rivera | Batting: RHB Zhong-xian Pai | 0-0: Called Strike 0-1: Hit by Pitch | Batting: RHB Greg Nichols | 0-0: Ball Zhong-xian Pai is caught stealing 2nd base 1-0: Ball 2-0: Called Strike 2-1: Single, Error in OF, E9, batter to second base | Pitching: RHP Wei-liang Zhuan | | Batting: RHB Joe Farrell | 0-0: Called Strike 0-1: Ball 1-1: Called Strike 1-2: Foul Ball, location: 2F 1-2: Ground out 4-3 (Groundball, 4M) Greg Nichols to third | Pitching: LHP Rodrigo Freitas | | Batting: LHB Jonathan Martin | 0-0: Called Strike 0-1: Foul Ball, location: 2F 0-2: SINGLE (Groundball, 34D) Greg Nichols scores | Pitching: RHP Ross Jackson | | Batting: RHB Bruce Foley | 0-0: Ball 1-0: Foul Ball, location: 2F 1-1: Fly out, F4 (Popup, 4D) | Bottom of the 7th over - 1 run, 2 hits, 1 error, 1 left on base; Long Beach 7 - Alabama 6 | TOP OF THE 8TH |
---|
Long Beach KO batting - Pitching for Alabama Shakes : RHP Nick Raines | Batting: LHB Wes Britton | 0-0: Called Strike 0-1: Ball 1-1: Called Strike 1-2: Ball 2-2: Ball 3-2: Strikes out swinging | Batting: RHB Ricardo Tirado | 0-0: Ball 1-0: Swinging Strike 1-1: SOLO HOME RUN (Flyball, 7D), Distance : 387 ft | Batting: RHB Phil Stephens | 0-0: Ball 1-0: SINGLE (Line Drive, 9LM) | Batting: RHB Ben Simpson | 0-0: Called Strike Phil Stephens steals 2nd base 0-1: Foul Ball, location: 2F 0-2: Strikes out swinging | Batting: RHB Brandon Sharp | 0-0: Ball 1-0: Foul Ball, location: 2F 1-1: Called Strike 1-2: Ball 2-2: Fly out, F9 (Flyball, 89S) | Top of the 8th over - 1 run, 2 hits, 0 errors, 1 left on base; Long Beach 8 - Alabama 6 | BOTTOM OF THE 8TH |
---|
Alabama Shakes batting - Pitching for Long Beach KO : RHP Ross Jackson | Batting: RHB Mario Rodríguez | 0-0: Ball 1-0: Ball 2-0: Ball 3-0: Called Strike 3-1: Ground out 3-1 (Groundball, 34S) | Batting: RHB Will Hinkle | 0-0: Ball 1-0: Ball 2-0: Ball 3-0: Base on Balls | Batting: RHB Bryant Newell | 0-0: Swinging Strike 0-1: Ball 1-1: Foul Ball, location: 2F 1-2: Ball 2-2: Ball 3-2: Foul Ball, location: 2F 3-2: SINGLE (Groundball, 6MD) Will Hinkle to second | Pitching: RHP Tim Mendoza | | Batting: RHB Ed Gaston | 0-0: Called Strike 0-1: Ball 1-1: Foul Ball, location: 2F 1-2: Ball 2-2: Strikes out swinging | Batting: RHB Zhong-xian Pai | 0-0: Ground out 4-3 (Groundball, 34) | Bottom of the 8th over - 0 runs, 1 hit, 0 errors, 2 left on base; Long Beach 8 - Alabama 6 | TOP OF THE 9TH |
---|
Long Beach KO batting - Pitching for Alabama Shakes : RHP Nick Raines | Pitching: RHP Raúl Pérez | | Batting: LHB Marvin Jones | 0-0: Foul Ball, location: 2F 0-1: Ball 1-1: Called Strike 1-2: Ball 2-2: Ball 3-2: Fly out, F3 (Popup, 3) | Batting: RHB Ralph Petit | 0-0: Called Strike 0-1: Ball 1-1: Foul Ball, location: 2F 1-2: Foul Ball, location: 2F 1-2: Strikes out swinging | Batting: LHB Adrian Neal | 0-0: Called Strike 0-1: Foul Ball, location: 2F 0-2: Ball 1-2: Ball 2-2: Ball 3-2: Foul Ball, location: 2F 3-2: Foul Ball, location: 2F 3-2: Fly out, F3 (Line Drive, 34) | Top of the 9th over - 0 runs, 0 hits, 0 errors, 0 left on base; Long Beach 8 - Alabama 6 | BOTTOM OF THE 9TH |
---|
Alabama Shakes batting - Pitching for Long Beach KO : RHP Tim Mendoza | Pitching: RHP Lloyd Jones | | Batting: RHB Greg Nichols | 0-0: Swinging Strike 0-1: Ball 1-1: Foul Ball, location: 2F 1-2: Foul Ball, location: 2F 1-2: Strikes out swinging | Batting: RHB Joe Farrell | 0-0: Ball 1-0: Called Strike 1-1: Swinging Strike 1-2: Strikes out swinging | Batting: LHB Jonathan Martin | 0-0: Ball 1-0: Ball 2-0: Ball 3-0: Called Strike 3-1: SOLO HOME RUN (Flyball, 9D), Distance : 385 ft | Pinch Hitting: RHB Cristóbal Calderón | 0-0: Called Strike 0-1: Ball 1-1: Called Strike 1-2: Foul Ball, location: 2F 1-2: Ground out 5-3 (Groundball, 5) | Bottom of the 9th over - 1 run, 1 hit, 0 errors, 0 left on base; Long Beach 8 - Alabama 7 | |